| TOP OF THE 1ST |
|
Cleveland Guardians batting - Pitching for Minnesota Twins : RHP Dorian Collins
|
|
Pitching: RHP Dorian Collins
|
|
|
Batting: LHB José Álvarez
|
0-0: Called Strike 0-1: Foul Ball, location: 23F 0-2: Ground out 3-1 (Groundball, 34S, EV 104 MPH)
|
|
Batting: RHB Juan Martínez
|
0-0: SOLO HOME RUN (Flyball, 7D, EV 95 MPH), Distance : 371 ft
|
|
Batting: RHB Ernie Jones
|
0-0: Foul Ball, location: 2F 0-1: Foul Ball, location: 2F 0-2: Ball 1-2: Strikes out looking
|
|
Batting: LHB Mike Papi
|
0-0: Ball 1-0: Ground out 1-3 (Groundball, P, EV 72 MPH)
|
| Top of the 1st over - 1 run, 1 hit, 0 errors, 0 left on base; Cleveland 1 - Minnesota 0 |
| BOTTOM OF THE 1ST |
|
Minnesota Twins batting - Pitching for Cleveland Guardians : RHP Hunter Harvey
|
|
Pitching: RHP Hunter Harvey
|
|
|
Batting: RHB Lou Smith
|
0-0: Swinging Strike 0-1: Called Strike 0-2: Foul Ball, location: 7LDF 0-2: Ball 1-2: Ball 2-2: Ball 3-2: Base on Balls
|
|
Batting: RHB Jorge Cota
|
0-0: Foul Ball, location: 2F 0-1: Ball 1-1: Bunted foul 1-2: DOUBLE (Line Drive, 89D, EV 84 MPH) Lou Smith to third
|
|
Batting: LHB Andy Townsend
|
0-0: Foul Ball, location: 2F 0-1: Called Strike 0-2: SINGLE (Line Drive, 78M, EV 100 MPH) Lou Smith scores Jorge Cota to third Runner from 3rd tries for Home, SAFE, throw by LF to home Andy Townsend to second
|
|
Batting: RHB Artie Cochran
|
0-0: SINGLE (Groundball, 56S, EV 75 MPH) (infield hit) Andy Townsend to third
|
|
Batting: LHB José Ruíz
|
0-0: Called Strike 0-1: Fly out, F8 (Flyball, 8RM, EV 75 MPH)
|
|
Batting: RHB José Jiménez
|
0-0: Called Strike 0-1: DOUBLE (Line Drive, 78XD, EV 90 MPH) Andy Townsend scores Artie Cochran to third
|
|
Batting: RHB Anthony Rendon
|
0-0: Called Strike 0-1: Ball 1-1: Foul Ball, location: 2F 1-2: Strikes out swinging
|
|
Batting: LHB Raúl Fernández
|
0-0: Called Strike 0-1: Ball 1-1: Called Strike 1-2: Ball 2-2: Ball 3-2: Strikes out looking
|
| Bottom of the 1st over - 3 runs, 4 hits, 0 errors, 2 left on base; Cleveland 1 - Minnesota 3 |
| TOP OF THE 2ND |
|
Cleveland Guardians batting - Pitching for Minnesota Twins : RHP Dorian Collins
|
|
Batting: RHB Liam Thompson
|
0-0: Ball 1-0: Called Strike 1-1: Called Strike 1-2: Foul Ball, location: 2F 1-2: Ball 2-2: Foul Ball, location: 2F 2-2: Strikes out swinging
|
|
Batting: RHB Andy Ibanez
|
0-0: Ball 1-0: Ball 2-0: Ball 3-0: Called Strike 3-1: Ground out 6-3 (Groundball, 6S, EV 56 MPH)
|
|
Batting: RHB Hugues Bertolucci
|
0-0: Ball 1-0: Single, Error in OF, E7, batter to second base (Line Drive, 5D, EV 78 MPH)
|
|
Batting: RHB Vladimir Guerrero Jr.
|
0-0: Fly out, F6 (Popup, 6MS, EV 51 MPH)
|
| Top of the 2nd over - 0 runs, 1 hit, 1 error, 1 left on base; Cleveland 1 - Minnesota 3 |
| BOTTOM OF THE 2ND |
|
Minnesota Twins batting - Pitching for Cleveland Guardians : RHP Hunter Harvey
|
|
Batting: RHB Alex Martin
|
0-0: Ball 1-0: Ball 2-0: Swinging Strike 2-1: Foul Ball, location: 9LSF 2-2: Ground out 1-3 (Groundball, P, EV 80 MPH)
|
|
Batting: RHB Lou Smith
|
0-0: Ball 1-0: Ball 2-0: Foul Ball, location: 25F 2-1: Ball 3-1: Swinging Strike 3-2: Foul Ball, location: 7LSFF 3-2: Strikes out swinging
|
|
Batting: RHB Jorge Cota
|
0-0: Ball 1-0: Called Strike 1-1: Swinging Strike 1-2: Fly out, F7 (Flyball, 7, EV 91 MPH)
|
| Bottom of the 2nd over - 0 runs, 0 hits, 0 errors, 0 left on base; Cleveland 1 - Minnesota 3 |
| TOP OF THE 3RD |
|
Cleveland Guardians batting - Pitching for Minnesota Twins : RHP Dorian Collins
|
|
Batting: RHB Rene Pinto
|
0-0: Ball 1-0: Foul Ball, location: 2F 1-1: SINGLE (Line Drive, 7LM, EV 87 MPH)
|
|
Batting: LHB José Álvarez
|
0-0: Called Strike 0-1: Foul Ball, location: 2F 0-2: Ball 1-2: Ball 2-2: Ground out 4-3 (Groundball, 4S, EV 54 MPH) Rene Pinto to second
|
|
Batting: RHB Juan Martínez
|
0-0: Swinging Strike 0-1: Ground out 6-3 (Groundball, 6, EV 93 MPH) Rene Pinto to third
|
|
Batting: RHB Ernie Jones
|
0-0: Ball 1-0: Foul Ball, location: 5F 1-1: Ball 2-1: Ball 3-1: 2-RUN HOME RUN (Flyball, 7D, EV 101 MPH), Distance : 366 ft
|
|
Batting: LHB Mike Papi
|
0-0: Ball 1-0: Swinging Strike 1-1: SINGLE (Groundball, 3S, EV 69 MPH) (infield hit)
|
|
Batting: RHB Liam Thompson
|
0-0: Foul Ball, location: 7LSF 0-1: Ball 1-1: Ball 2-1: Called Strike 2-2: DOUBLE (Line Drive, 7LD, EV 94 MPH) Mike Papi to third
|
|
Batting: RHB Andy Ibanez
|
0-0: Ball 1-0: Fly out, F8 (Flyball, 78D, EV 103 MPH)
|
| Top of the 3rd over - 2 runs, 4 hits, 0 errors, 2 left on base; Cleveland 3 - Minnesota 3 |
| BOTTOM OF THE 3RD |
|
Minnesota Twins batting - Pitching for Cleveland Guardians : RHP Hunter Harvey
|
|
Batting: LHB Andy Townsend
|
0-0: Ball 1-0: Ball 2-0: Ball 3-0: Base on Balls
|
|
Batting: RHB Artie Cochran
|
0-0: Ball 1-0: Ball 2-0: Hit by Pitch Andy Townsend to second
|
|
Batting: LHB José Ruíz
|
0-0: Ball 1-0: Ball 2-0: Foul Ball, location: 9LMF 2-1: SINGLE (Groundball, 15S, EV 75 MPH) (infield hit) Andy Townsend to third Artie Cochran to second
|
|
Batting: RHB José Jiménez
|
0-0: Ball 1-0: Ball 2-0: Foul Ball, location: 2F 2-1: Swinging Strike 2-2: SINGLE (Groundball, 4D, EV 94 MPH) Andy Townsend scores Artie Cochran to third José Ruíz to second
|
|
Batting: RHB Anthony Rendon
|
0-0: Swinging Strike 0-1: Called Strike 0-2: Strikes out swinging
|
|
Batting: LHB Raúl Fernández
|
0-0: Ball 1-0: DOUBLE (Flyball, 8LXD, EV 116 MPH) Artie Cochran scores José Ruíz scores José Jiménez to third
|
|
Pitching: LHP Abel Haney
|
|
|
Batting: RHB Alex Martin
|
0-0: Called Strike 0-1: Ground out 6-3 (Groundball, 6, EV 75 MPH)
|
|
Batting: RHB Lou Smith
|
0-0: Called Strike 0-1: DOUBLE (Line Drive, 9LD, EV 87 MPH) José Jiménez scores Raúl Fernández scores
|
|
Batting: RHB Jorge Cota
|
0-0: Ball 1-0: Foul Ball, location: 3SF 1-1: Fly out, F8 (Flyball, 89S, EV 68 MPH)
|
| Bottom of the 3rd over - 5 runs, 4 hits, 0 errors, 1 left on base; Cleveland 3 - Minnesota 8 |
| TOP OF THE 4TH |
|
Cleveland Guardians batting - Pitching for Minnesota Twins : RHP Dorian Collins
|
|
Batting: RHB Hugues Bertolucci
|
0-0: Called Strike 0-1: Called Strike 0-2: SINGLE (Groundball, 6D, EV 89 MPH)
|
|
Batting: RHB Vladimir Guerrero Jr.
|
0-0: Called Strike 0-1: Foul Ball, location: 5F 0-2: Ball 1-2: Foul Ball, location: 23F 1-2: Grounds into double play, 6-4-3 (Groundball, 6M, EV 112 MPH)
|
|
Batting: RHB Rene Pinto
|
0-0: Ball 1-0: Ground out 6-3 (Groundball, 6S, EV 61 MPH)
|
| Top of the 4th over - 0 runs, 1 hit, 0 errors, 0 left on base; Cleveland 3 - Minnesota 8 |
| BOTTOM OF THE 4TH |
|
Minnesota Twins batting - Pitching for Cleveland Guardians : LHP Abel Haney
|
|
Batting: LHB Andy Townsend
|
0-0: Called Strike 0-1: Foul Ball, location: 2F 0-2: Ball 1-2: DOUBLE (Line Drive, W RL, EV 88 MPH)
|
|
Batting: RHB Artie Cochran
|
0-0: Ball 1-0: Ball 2-0: Ground out 6-3 (Groundball, 6S, EV 110 MPH)
|
|
Batting: LHB José Ruíz
|
0-0: Ball 1-0: Ball 2-0: Fly out, F9 (Flyball, 9D, EV 93 MPH)
|
|
Batting: RHB José Jiménez
|
0-0: Ball 1-0: Ground out U3 (Groundball, 3S, EV 70 MPH)
|
| Bottom of the 4th over - 0 runs, 1 hit, 0 errors, 1 left on base; Cleveland 3 - Minnesota 8 |
| TOP OF THE 5TH |
|
Cleveland Guardians batting - Pitching for Minnesota Twins : RHP Dorian Collins
|
|
Batting: LHB José Álvarez
|
0-0: Called Strike 0-1: Foul Ball, location: 2F 0-2: Ground out 4-3 (Groundball, 4S, EV 54 MPH)
|
|
Batting: RHB Juan Martínez
|
0-0: Swinging Strike 0-1: Ball 1-1: Ball 2-1: Ground out 3-1 (Groundball, 34S, EV 56 MPH)
|
|
Batting: RHB Ernie Jones
|
0-0: Ball 1-0: Swinging Strike 1-1: Foul Ball, location: 7LSF 1-2: Strikes out swinging
|
| Top of the 5th over - 0 runs, 0 hits, 0 errors, 0 left on base; Cleveland 3 - Minnesota 8 |
| BOTTOM OF THE 5TH |
|
Minnesota Twins batting - Pitching for Cleveland Guardians : LHP Abel Haney
|
|
Batting: RHB Anthony Rendon
|
0-0: DOUBLE (Line Drive, 9LM, EV 75 MPH)
|
|
Batting: LHB Raúl Fernández
|
0-0: Foul Ball, location: 2F 0-1: Ball 1-1: Swinging Strike 1-2: Foul Ball, location: 23F 1-2: Ball 2-2: Ball 3-2: Foul Ball, location: 2F 3-2: Foul Ball, location: 2LF 3-2: Ground out 4-3 (Groundball, 4S, EV 76 MPH) Anthony Rendon to third
|
|
Batting: RHB Alex Martin
|
0-0: Ball 1-0: Ball Wild Pitch! Anthony Rendon scores 2-0: Foul Ball, location: 2F 2-1: Ground out 5-3 (Groundball, 56S, EV 63 MPH)
|
|
Batting: RHB Lou Smith
|
0-0: Ball 1-0: SINGLE (Line Drive, 7S, EV 78 MPH)
|
|
Batting: RHB Jorge Cota
|
0-0: Called Strike 0-1: Ball 1-1: Foul Ball, location: 9LDF 1-2: Foul Ball, location: 9LMF 1-2: Fly out, F7 (Flyball, 7D, EV 104 MPH)
|
| Bottom of the 5th over - 1 run, 2 hits, 0 errors, 1 left on base; Cleveland 3 - Minnesota 9 |
| TOP OF THE 6TH |
|
Cleveland Guardians batting - Pitching for Minnesota Twins : RHP Dorian Collins
|
|
Batting: LHB Mike Papi
|
0-0: Ball 1-0: Swinging Strike 1-1: Swinging Strike 1-2: Foul Ball, location: 2F 1-2: Ball 2-2: Ball 3-2: Foul Ball, location: 23FF 3-2: Foul Ball, location: 2F 3-2: Fly out, F5 (Popup, 6S, EV 58 MPH)
|
|
Batting: RHB Liam Thompson
|
0-0: Called Strike 0-1: Ball 1-1: Ball 2-1: Swinging Strike 2-2: Ball 3-2: Base on Balls
|
|
Batting: RHB Andy Ibanez
|
0-0: Ball 1-0: Foul Ball, location: 2F 1-1: Called Strike 1-2: Ball 2-2: 2-RUN HOME RUN (Flyball, 9LD, EV 97 MPH), Distance : 371 ft
|
|
Pitching: LHP Javier Navas
|
|
|
Batting: RHB Hugues Bertolucci
|
0-0: Called Strike 0-1: Ball 1-1: Called Strike 1-2: Strikes out swinging
|
|
Batting: RHB Vladimir Guerrero Jr.
|
0-0: DOUBLE (Line Drive, 78XD, EV 95 MPH)
|
|
Batting: RHB Rene Pinto
|
0-0: Called Strike 0-1: Ball 1-1: Ground out 5-3 (Groundball, 56, EV 73 MPH)
|
| Top of the 6th over - 2 runs, 2 hits, 0 errors, 1 left on base; Cleveland 5 - Minnesota 9 |
| BOTTOM OF THE 6TH |
|
Minnesota Twins batting - Pitching for Cleveland Guardians : LHP Abel Haney
|
|
Pitching: LHP Chasen Shreve
|
|
|
Batting: LHB Andy Townsend
|
0-0: Foul Ball, location: 3F 0-1: Ball 1-1: Ground out 4-3 (Groundball, 4, EV 67 MPH)
|
|
Batting: RHB Artie Cochran
|
0-0: Ball 1-0: Ball 2-0: Ball 3-0: Called Strike 3-1: Ground out 5-3 (Groundball, 56S, EV 99 MPH)
|
|
Batting: LHB José Ruíz
|
0-0: Called Strike 0-1: Swinging Strike 0-2: Ball 1-2: DOUBLE (Line Drive, 7LS, EV 74 MPH)
|
|
Batting: RHB José Jiménez
|
0-0: Foul Ball, location: 2F 0-1: Ball 1-1: Ball 2-1: Called Strike 2-2: Ball 3-2: Strikes out swinging
|
| Bottom of the 6th over - 0 runs, 1 hit, 0 errors, 1 left on base; Cleveland 5 - Minnesota 9 |
| TOP OF THE 7TH |
|
Cleveland Guardians batting - Pitching for Minnesota Twins : LHP Javier Navas
|
|
Pinch Hitting: RHB Jerry King
|
0-0: DOUBLE (Line Drive, W RL, EV 92 MPH)
|
|
Batting: RHB Juan Martínez
|
0-0: Called Strike 0-1: Ball 1-1: Ball 2-1: Swinging Strike 2-2: Ball 3-2: Foul Ball, location: 2RF 3-2: Strikes out looking
|
|
Batting: RHB Ernie Jones
|
0-0: Called Strike 0-1: Swinging Strike 0-2: Ball 1-2: Foul Ball, location: 2F 1-2: Ball 2-2: Ball 3-2: Base on Balls
|
|
Batting: RHB Gleyber Torres
|
0-0: Ball 1-0: Ball 2-0: Foul Ball, location: 5FF 2-1: Foul Ball, location: 2F 2-2: SINGLE (Flyball, 6D, EV 68 MPH) Jerry King to third Ernie Jones to second
|
|
Batting: RHB Liam Thompson
|
0-0: Ball Wild Pitch! Jerry King scores Ernie Jones to third Gleyber Torres to second 1-0: Called Strike 1-1: Ball 2-1: Ball 3-1: Base on Balls
|
|
Pitching: RHP Pat Calhoun
|
|
|
Batting: RHB Andy Ibanez
|
0-0: Called Strike 0-1: Foul Ball, location: 3SF 0-2: Strikes out looking
|
|
Batting: RHB Hugues Bertolucci
|
0-0: Foul Ball, location: 7LSF 0-1: Foul Ball, location: 23F 0-2: Fly out, F8 (Flyball, 78D, EV 84 MPH)
|
| Top of the 7th over - 1 run, 2 hits, 0 errors, 3 left on base; Cleveland 6 - Minnesota 9 |
| BOTTOM OF THE 7TH |
|
Minnesota Twins batting - Pitching for Cleveland Guardians : LHP Chasen Shreve
|
|
Pitching: RHP Luis Aguiler
|
|
|
Now in LF: Hugues Bertolucci
|
|
|
Now in CF: Tyrone Taylor
|
|
|
Batting: RHB Anthony Rendon
|
0-0: Fly out, F8 (Flyball, 8RXD, EV 91 MPH)
|
|
Batting: LHB Raúl Fernández
|
0-0: Ground out 1-3 (Groundball, 15S, EV 69 MPH)
|
|
Batting: RHB Alex Martin
|
0-0: Foul Ball, location: 5SF 0-1: Ball 1-1: Ball 2-1: Swinging Strike 2-2: Ball 3-2: Base on Balls
|
|
Batting: RHB Lou Smith
|
0-0: Ball 1-0: Foul Ball, location: 9LSF 1-1: Called Strike 1-2: Foul Ball, location: 2F 1-2: Ball 2-2: Ball 3-2: Base on Balls Alex Martin to second
|
|
Batting: RHB Jorge Cota
|
0-0: Called Strike 0-1: Ball 1-1: Ground out 5-3 (Groundball, 5S, EV 72 MPH)
|
| Bottom of the 7th over - 0 runs, 0 hits, 0 errors, 2 left on base; Cleveland 6 - Minnesota 9 |
| TOP OF THE 8TH |
|
Cleveland Guardians batting - Pitching for Minnesota Twins : RHP Pat Calhoun
|
|
Batting: RHB Vladimir Guerrero Jr.
|
0-0: Called Strike 0-1: Ball 1-1: Swinging Strike 1-2: Strikes out swinging
|
|
Batting: RHB Rene Pinto
|
0-0: Ball 1-0: Swinging Strike 1-1: Foul Ball, location: 5FF 1-2: Ball 2-2: Foul Ball, location: 5SF 2-2: Strikes out swinging
|
|
Batting: RHB Tyrone Taylor
|
0-0: Ball 1-0: Called Strike 1-1: Foul Ball, location: 9LDF 1-2: Strikes out swinging
|
| Top of the 8th over - 0 runs, 0 hits, 0 errors, 0 left on base; Cleveland 6 - Minnesota 9 |
| BOTTOM OF THE 8TH |
|
Minnesota Twins batting - Pitching for Cleveland Guardians : RHP Luis Aguiler
|
|
Pitching: RHP Angel Heredia
|
|
|
Batting: LHB Andy Townsend
|
0-0: Ball 1-0: Swinging Strike 1-1: Fly out, F5 (Popup, 15S, EV 54 MPH)
|
|
Batting: RHB Artie Cochran
|
0-0: Ball 1-0: Swinging Strike 1-1: Ball 2-1: Fly out, F8 (Flyball, 78M, EV 89 MPH)
|
|
Batting: LHB José Ruíz
|
0-0: Ball 1-0: Called Strike 1-1: Ball 2-1: Foul Ball, location: 2F 2-2: Ball 3-2: Foul Ball, location: 7LDF 3-2: Base on Balls
|
|
Pitching: RHP Jerry Throckmorton
|
|
|
Batting: RHB José Jiménez
|
0-0: Ball 1-0: Called Strike 1-1: Called Strike 1-2: Strikes out swinging
|
| Bottom of the 8th over - 0 runs, 0 hits, 0 errors, 1 left on base; Cleveland 6 - Minnesota 9 |
| TOP OF THE 9TH |
|
Cleveland Guardians batting - Pitching for Minnesota Twins : RHP Pat Calhoun
|
|
Pitching: RHP Bobby Bass
|
|
|
Batting: RHB Juan Martínez
|
0-0: Called Strike 0-1: Ball 1-1: Fly out, F8 (Flyball, 8RXD, EV 84 MPH)
|
|
Batting: RHB Ernie Jones
|
0-0: Ball 1-0: Ball 2-0: Ground out 4-3 (Groundball, 4S, EV 93 MPH)
|
|
Batting: RHB Gleyber Torres
|
0-0: Ball 1-0: Swinging Strike 1-1: Foul Ball, location: 3SF 1-2: Fly out, F7 (Flyball, 7LM, EV 85 MPH)
|
| Top of the 9th over - 0 runs, 0 hits, 0 errors, 0 left on base; Cleveland 6 - Minnesota 9 |
|